Map: 缘起之地 - 天梯版

Players

CKinVeRse - Winner!

  • Race: Zerg Zerg
  • League: Diamond
  • Spawn Location: 11:00

FLLL

  • Race: Terran Terran
  • League: Diamond
  • Spawn Location: 5:00

VOD

Have the link to the VOD?

Description

Time

  • Played on: April 7, 2018, 1:39 a.m.
  • Length: 3:29
Show
View Real Time Build Order
Export as new Build Order

CKinVeRse Zerg - Winner!

Build Orders: Pool Only 

Get SALT Encoding   

  12  0:18  Spawning Pool  
  11  0:22  Drone  
  12  0:28  Drone  
  12  0:31  Drone  
  14  0:43  Extractor, Drone  
  14  0:49  Extractor  
  13  0:50  Drone  
  14  1:05  Roach Warren  
  14  1:06  Drone  
  14  1:12  Overlord  
  14  1:31  Drone  
  15  1:45  Roach x2  
  19  1:49  Roach  
  21  1:59  Overlord  
  21  2:06  Ravager  
  22  2:19  Roach  
  22  2:20  Ravager  
  25  2:23  Queen  
  27  2:41  Ravager  
  28  2:45  Roach  
  30  2:55  Overlord  
  30  3:17  Ravager  
Show
View Real Time Build Order
Export as new Build Order

FLLL Terran 

Build Orders:  

Get SALT Encoding   

  12  0:03  SCV  
  13  0:15  SCV  
  13  0:19  Supply Depot  
  14  0:32  SCV  
  15  0:44  SCV, Barracks  
  16  0:56  SCV  
  17  1:08  SCV  
  17  1:09  Refinery  
  18  1:14  Refinery  
  18  1:20  SCV  
  19  1:32  SCV  
  20  1:41  Command Center  
  20  1:44  SCV  
  21  1:54  Reaper  
  23  2:01  Supply Depot, SCV  
  23  2:14  Orbital Command  
  23  2:27  Barracks Reactor  
  23  2:32  Factory  
  23  2:39  SCV  
  24  2:45  Barracks  
  24  2:51  SCV  
  19  3:20  Factory Tech Lab  
Tags
 
Add a new tag
Caveats
  • Supply blocks, unpowered buildings, or Contaminate may cause inaccurate times.
  • Supply counts are checked every 10 seconds.